 Dungeon Crawl Stone Soup version bcrawl-1.21.2-20-g6d45ba5942 (webtiles) character file.

Game seed: 18282597435157461617

148 BeastOfSaturn the Sneak (level 5, -1/28 HPs)
             Began as a Vine Stalker Enchanter on Mar 1, 2020.
             Slain by a worm (3 damage)
             ... on level 3 of the Dungeon on Mar 2, 2020.
             The game lasted 00:11:01 (1950 turns).

BeastOfSaturn the Sneak (Vine Stalker Enchanter)    Turns: 1950, Time: 00:11:02

Health: -1/28      AC:  4    Str: 10    XL:     5   Next: 30%
Magic:  3/9        EV: 13    Int: 16    God:
Gold:   154        SH:  0    Dex: 15    Spells: 5/8 levels left

rFire    . . .     SeeInvis .   a - +1 dagger
rCold    + . .     Gourm    .   (no shield)
rNeg     . . .     Faith    .   b - +0 robe
rPois    .         Spirit   .   (no helmet)
rElec    +         Reflect  .   (no cloak)
rCorr    .         Harm     .   (no gloves)
MR       .....                  o - +1 pair of boots
Stlth    +++.......             (no amulet)
HPRegen  0.49/turn              l - ring of insulation
MPRegen  0.11/turn              k - ring of protection from cold

@: very slightly contaminated, slowed, invisible, very slow
A: fangs 2, regeneration 1, no potion heal 3, rot immunity, strong jaws
a: no special abilities


You were on level 3 of the Dungeon.
You were not hungry.

You visited 1 branch of the dungeon, and saw 3 of its levels.

You collected 154 gold pieces.

Inventory:

Hand Weapons
 a - a +1 dagger (weapon)
Armour
 b - a +0 robe (worn)
 o - a +1 pair of boots (worn)
Jewellery
 k - a ring of protection from cold (right hand)
 l - a ring of insulation (left hand)
Scrolls
 d - 2 scrolls of fog
 g - a scroll of remove curse
 j - 4 scrolls of identify
 p - 3 scrolls of immolation
Potions
 c - 2 potions of heal wounds {unknown}
 h - a potion of haste {unknown}
 i - a potion of flight {unknown}
 m - a potion of might {unknown}
 n - 2 potions of curing {unknown}
 q - a potion of cancellation {unknown}
 s - a potion of agility {unknown}
Comestibles
 e - 2 rations {!d}


   Skills:
 * Level 2.2 Short Blades
 + Level 2.9 Dodging
 * Level 6.1 Stealth
 - Level 2.1 Spellcasting
 * Level 3.6 Hexes
 - Level 0.6 Ice Magic


You had 5 spell levels left.
You knew the following spells:

 Your Spells              Type           Power        Failure   Level  Hunger
a - Corona                Hex            ##.....      4%          1    #......
b - Ensorcelled Hibernat  Hex/Ice        #.....       13%         2    ###....

Your spell library contained the following spells:

 Spells                   Type           Power        Failure   Level  Hunger
 Confuse                  Hex            ##......     14%         3    ###....
 Tukima's Dance           Hex            ##......     14%         3    ###....
 Dazzling Spray           Conj/Hex       #.....       28%         3    ###....


Dungeon Overview and Level Annotations

Branches:
Dungeon (3/12)

Altars:


Innate Abilities, Weirdness & Mutations

You have extremely sharp teeth.
Your natural rate of healing is unusually fast.
Potions cannot restore your health.
You are immune to rotting.
Your bites deal extra damage.


Message History

* * * LOW HITPOINT WARNING * * *
Okay, then.
As you read the scroll labeled BENUMO VUCLE, it crumbles to dust.
It is a scroll of identify.
p - 3 scrolls of immolation The orc wizard gestures wildly while chanting.
The orc wizard seems to speed up.
As you read the scroll labeled TAKHLOL YNOMA, it crumbles to dust.
You feel blessed for a moment.
It was a scroll of remove curse.
The orc wizard closely misses you.
The orc wizard hits you but does no damage.
As you read the scroll labeled TIMUNU FEFU, it crumbles to dust.
It is a scroll of enchant armour.
Your +0 pair of boots glows green for a moment.
The orc wizard misses you. The orc wizard casts a spell at you.
The magic dart hits you.
* * * LOW HITPOINT WARNING * * *
The worm bites you.
You die...

#.##.# # #.##o# #
#.##w# #.##.# ##
#.##.#
.################.##.#
..................##.#
####################.#
...............o@w...#
######################


You could see a worm and an orc wizard.

Vanquished Creatures
  An orc priest (D:3)
  2 hound zombies (D:2)
  A gnoll (D:3)
  An adder (D:3)
  An adder skeleton (D:2)
  An adder zombie (D:2)
  3 worms (D:2)
  3 dart slugs (D:2)
  3 leopard geckos
  2 orcs (D:3)
  4 bats
  A giant cockroach (D:2)
  3 goblins
  5 hobgoblins
  7 kobolds
  2 quokkas (D:2)
  2 ball pythons
  4 frilled lizards
  A jackal skeleton (D:2)
  A quokka zombie (D:2)
  3 rats
51 creatures vanquished.

Notes
Turn   | Place    | Note
-------+----------+-------------------------------------------
     0 | D:1      | BeastOfSaturn the Vine Stalker Enchanter began the quest
                  | for the Orb.
     0 | D:1      | Reached XP level 1. HP: 10/10 MP: 4/4
    14 | D:1      | Reached skill level 1 in Short Blades
   189 | D:1      | Reached XP level 2. HP: 15/15 MP: 6/6
   193 | D:1      | Learned a level 2 spell: Ensorcelled Hibernation
   432 | D:1      | Reached skill level 5 in Stealth
  1005 | D:2      | Reached XP level 3. HP: 18/19 MP: 4/7
  1274 | D:2      | Reached XP level 4. HP: 24/24 MP: 8/8
  1900 | D:3      | Reached skill level 6 in Stealth
  1900 | D:3      | Reached XP level 5. HP: 27/28 MP: 6/9
  1950 | D:3      | Slain by a worm

Skill      XL: |  1  2  3  4 |
---------------+-------------+-----
Short Blades   | 1 2 |  2.2
Stealth        | 5 6 |  6.1
Dodging        | |  2.9
Spellcasting   | |  2.1
Hexes          | |  3.6
Ice Magic      | |  0.6

Action                   |  1- 3 |  4- 6 || total
-------------------------+-------+-------++-------
Melee: Dagger            |   120 |    78 ||   198
       Bite              |     7 |    12 ||    19
 Cast: Ensorcelled Hiber |     7 |    12 ||    19
  Use: Scroll            |       |     3 ||     3
       Potion            |       |     1 ||     1
 Stab: Sleeping          |    13 |    11 ||    24
       Distracted        |       |     1 ||     1
  Eat: Chunk             |     2 |     1 ||     3
       Ration            |       |     1 ||     1
Armor: Robe              |    42 |    10 ||    52
Dodge: Dodged            |   130 |    40 ||   170
